BR (22 & UNDER)
GRAND RAPIDS DUTCH OVENS @ LONG BEACH KO
07/20/2029
 
TOP OF THE 1ST
Grand Rapids Dutch Ovens batting - Pitching for Long Beach KO : RHP Luis Reyes
Pitching: RHP Luis Reyes
Batting: RHB Earl Davis 0-0: Ball
1-0: Foul Ball, location: 2F
1-1: Foul Ball, location: 2F
1-2: Ball
2-2: Strikes out swinging
Batting: RHB Jason Philip 0-0: DOUBLE (Flyball, 89D)
Batting: LHB Al Cramer 0-0: Foul Ball, location: 2F
0-1: Fly out, F8 (Line Drive, 89D)
Batting: RHB Antenor Anchieta 0-0: Foul Ball, location: 2F
0-1: Swinging Strike
0-2: Foul Ball, location: 2F
0-2: Ball
1-2: Strikes out swinging
Top of the 1st over - 0 runs, 1 hit, 0 errors, 1 left on base; Grand Rapids 0 - Long Beach 0
BOTTOM OF THE 1ST
Long Beach KO batting - Pitching for Grand Rapids Dutch Ovens : RHP Jesús Gonzáles
Pitching: RHP Jesús Gonzáles
Batting: LHB David Gómez 0-0: Fly out, F8 (Line Drive, 8RD)
Batting: RHB Harvey Mawhinney 0-0: Foul Ball, location: 2F
0-1: Called Strike
0-2: Ball
1-2: Fly out, F9 (Flyball, 89M)
Batting: RHB Ben Simpson 0-0: Foul Ball, location: 2F
0-1: Ground out 6-3 (Groundball, 6)
Bottom of the 1st over - 0 runs, 0 hits, 0 errors, 0 left on base; Grand Rapids 0 - Long Beach 0
TOP OF THE 2ND
Grand Rapids Dutch Ovens batting - Pitching for Long Beach KO : RHP Luis Reyes
Batting: LHB Pedro Robolledo 0-0: Foul Ball, location: 2F
0-1: SINGLE (Groundball, 4D)
Batting: LHB Gregory Pérez 0-0: Ball
1-0: Called Strike
1-1: Ball
2-1: Ball
3-1: Foul Ball, location: 2F
3-2: Foul Ball, location: 2F
3-2: Foul Ball, location: 2F
3-2: Foul Ball, location: 2F
3-2: Base on Balls
Pedro Robolledo to second
Batting: RHB Mike Best 0-0: Ball
1-0: Foul Ball, location: 2F
1-1: DOUBLE (Line Drive, 8LD)
Pedro Robolledo scores
Gregory Pérez to third
Batting: LHB Chris Russell 0-0: Ball
1-0: Ball
2-0: Called Strike
2-1: Fly out, F4 (Line Drive, 4MD)
Batting: RHB Weldon Bell 0-0: Called Strike
0-1: Swinging Strike
0-2: Ball
1-2: Hit by Pitch
Batting: RHB Earl Davis 0-0: Called Strike
0-1: Ball
1-1: Ball
2-1: Foul Ball, location: 2F
2-2: Grounds into double play, 4-6-3 (Groundball, 4)
Top of the 2nd over - 1 run, 2 hits, 0 errors, 2 left on base; Grand Rapids 1 - Long Beach 0
BOTTOM OF THE 2ND
Long Beach KO batting - Pitching for Grand Rapids Dutch Ovens : RHP Jesús Gonzáles
Batting: RHB Kenny Canady 0-0: Called Strike
0-1: Ball
1-1: Swinging Strike
1-2: Fly out, F8 (Line Drive, 8LD)
Batting: LHB Adrian Neal 0-0: Called Strike
0-1: Fly out, F8 (Flyball, 8LM)
Batting: RHB Robert Lancaster 0-0: Ball
1-0: Ground out 5-3 (Groundball, 56S)
Bottom of the 2nd over - 0 runs, 0 hits, 0 errors, 0 left on base; Grand Rapids 1 - Long Beach 0
TOP OF THE 3RD
Grand Rapids Dutch Ovens batting - Pitching for Long Beach KO : RHP Luis Reyes
Batting: RHB Jason Philip 0-0: DOUBLE (Line Drive, 7LM)
Batting: LHB Al Cramer 0-0: Called Strike
0-1: Ball
1-1: Fly out, F7 (Flyball, 7S)
Batting: RHB Antenor Anchieta 0-0: Ball
1-0: Foul Ball, location: 2F
1-1: Swinging Strike
1-2: Ball
2-2: Ball
3-2: Ground out 6-3 (Groundball, 6)
Batting: LHB Pedro Robolledo 0-0: Swinging Strike
0-1: Called Strike
0-2: Ball
1-2: Strikes out swinging
Top of the 3rd over - 0 runs, 1 hit, 0 errors, 1 left on base; Grand Rapids 1 - Long Beach 0
BOTTOM OF THE 3RD
Long Beach KO batting - Pitching for Grand Rapids Dutch Ovens : RHP Jesús Gonzáles
Batting: SHB Albert Flores 0-0: DOUBLE (Groundball, 3L)
Batting: RHB Rodrigo Flores 0-0: Called Strike
0-1: Foul Ball, location: 2F
0-2: Fly out, F8 (Line Drive, 8RD)
Batting: RHB Pedro García 0-0: Ball
1-0: Called Strike
1-1: Swinging Strike
1-2: Foul Ball, location: 2F
1-2: Strikes out swinging
Batting: LHB David Gómez 0-0: Called Strike
0-1: SINGLE (Flyball, 7LS)
Albert Flores to third
Runner from 3rd tries for Home, SAFE, no throw
Batting: RHB Harvey Mawhinney 0-0: Called Strike
0-1: Ground out 1-3 (Groundball, P)
Bottom of the 3rd over - 1 run, 2 hits, 0 errors, 1 left on base; Grand Rapids 1 - Long Beach 1
TOP OF THE 4TH
Grand Rapids Dutch Ovens batting - Pitching for Long Beach KO : RHP Luis Reyes
Batting: LHB Gregory Pérez 0-0: Foul Ball, location: 2F
0-1: Ball
1-1: Ball
2-1: Foul Ball, location: 2F
2-2: Strikes out swinging, 2-3 out at first.
Batting: RHB Mike Best 0-0: Called Strike
0-1: Foul Ball, location: 2F
0-2: Ground out 6-3 (Groundball, 6)
Batting: LHB Chris Russell 0-0: Called Strike
0-1: Foul Ball, location: 2F
0-2: Fly out, F5 (Line Drive, 56S)
Top of the 4th over - 0 runs, 0 hits, 0 errors, 0 left on base; Grand Rapids 1 - Long Beach 1
BOTTOM OF THE 4TH
Long Beach KO batting - Pitching for Grand Rapids Dutch Ovens : RHP Jesús Gonzáles
Batting: RHB Ben Simpson 0-0: Swinging Strike
0-1: Called Strike
0-2: Fly out, F7 (Line Drive, 7)
Batting: RHB Kenny Canady 0-0: Ground out U3 (Groundball, 3L)
Batting: LHB Adrian Neal 0-0: Ball
1-0: Called Strike
1-1: Fly out, F4 (Popup, 4M)
Bottom of the 4th over - 0 runs, 0 hits, 0 errors, 0 left on base; Grand Rapids 1 - Long Beach 1
TOP OF THE 5TH
Grand Rapids Dutch Ovens batting - Pitching for Long Beach KO : RHP Luis Reyes
Batting: RHB Weldon Bell 0-0: Ball
1-0: Foul Ball, location: 2F
1-1: Foul Ball, location: 2F
1-2: Strikes out swinging
Batting: RHB Earl Davis 0-0: Called Strike
0-1: Ball
1-1: Ball
2-1: Fly out, F8 (Flyball, 8RM)
Batting: RHB Jason Philip 0-0: Ball
1-0: Fly out, F7 (Flyball, 7S)
Top of the 5th over - 0 runs, 0 hits, 0 errors, 0 left on base; Grand Rapids 1 - Long Beach 1
BOTTOM OF THE 5TH
Long Beach KO batting - Pitching for Grand Rapids Dutch Ovens : RHP Jesús Gonzáles
Batting: RHB Robert Lancaster 0-0: Ball
1-0: Ball
2-0: Ball
3-0: Swinging Strike
3-1: Foul Ball, location: 2F
3-2: Ground out 6-3 (Groundball, 56)
Batting: SHB Albert Flores 0-0: Ball
1-0: Foul Ball, location: 2F
1-1: Fly out, F9 (Flyball, 9)
Batting: RHB Rodrigo Flores 0-0: Ball
1-0: Called Strike
1-1: Ball
2-1: Swinging Strike
2-2: Fly out, F8 (Flyball, 8LD)
Bottom of the 5th over - 0 runs, 0 hits, 0 errors, 0 left on base; Grand Rapids 1 - Long Beach 1
TOP OF THE 6TH
Grand Rapids Dutch Ovens batting - Pitching for Long Beach KO : RHP Luis Reyes
Batting: LHB Al Cramer 0-0: Ball
1-0: Called Strike
1-1: Fly out, F8 (Flyball, 8RD)
Batting: RHB Antenor Anchieta 0-0: Ball
1-0: Foul Ball, location: 2F
1-1: Swinging Strike
1-2: Ball
2-2: Hit by Pitch
Batting: LHB Pedro Robolledo 0-0: Ball
1-0: Foul Ball, location: 2F
1-1: Ball
2-1: Foul Ball, location: 2F
2-2: Ball
3-2: Strikes out swinging
Batting: LHB Gregory Pérez 0-0: Ball
1-0: Ball
2-0: Ball
3-0: Base on Balls
Antenor Anchieta to second
Batting: RHB Mike Best 0-0: Swinging Strike
0-1: Ball
1-1: Ball
2-1: Foul Ball, location: 2F
2-2: Foul Ball, location: 2F
2-2: Foul Ball, location: 2F
2-2: Strikes out swinging
Top of the 6th over - 0 runs, 0 hits, 0 errors, 2 left on base; Grand Rapids 1 - Long Beach 1
BOTTOM OF THE 6TH
Long Beach KO batting - Pitching for Grand Rapids Dutch Ovens : RHP Jesús Gonzáles
Batting: RHB Pedro García 0-0: Called Strike
0-1: Ball
1-1: Swinging Strike
1-2: Strikes out swinging
Batting: LHB David Gómez 0-0: Ball
1-0: Called Strike
1-1: Ball
2-1: Foul Ball, location: 2F
2-2: Ball
3-2: Base on Balls
Batting: RHB Harvey Mawhinney 0-0: Ball
1-0: Ball
2-0: Called Strike
2-1: Foul Ball, location: 2F
2-2: Strikes out swinging
Batting: RHB Ben Simpson 0-0: Ball
1-0: SINGLE (Line Drive, 7S)
David Gómez to second
Runner from 2nd tries for 3rd, SAFE, no throw
Batting: RHB Kenny Canady 0-0: Foul Ball, location: 2F
0-1: Ball
1-1: Ball
2-1: Swinging Strike
2-2: Fly out, F9 (Line Drive, 89S)
Bottom of the 6th over - 0 runs, 1 hit, 0 errors, 2 left on base; Grand Rapids 1 - Long Beach 1
TOP OF THE 7TH
Grand Rapids Dutch Ovens batting - Pitching for Long Beach KO : RHP Luis Reyes
Pitching: LHP Zhong-qi Men
Batting: LHB Chris Russell 0-0: Ball
1-0: Called Strike
1-1: Ground out 5-3 (Groundball, 56)
Pitching: RHP Wei-liang Zhuan
Pinch Hitting: RHB Ismael Mojica 0-0: Called Strike
0-1: Ball
1-1: Ball
2-1: Ground out 5-3 (Groundball, 56)
Pinch Hitting: LHB Brad Fuller 0-0: Called Strike
0-1: Swinging Strike
0-2: Fly out, F7 (Flyball, 78D)
Top of the 7th over - 0 runs, 0 hits, 0 errors, 0 left on base; Grand Rapids 1 - Long Beach 1
BOTTOM OF THE 7TH
Long Beach KO batting - Pitching for Grand Rapids Dutch Ovens : RHP Jesús Gonzáles
Now at 3B: William Todd
Now at SS: Brad Fuller
Batting: LHB Adrian Neal 0-0: Ball
1-0: Foul Ball, location: 2F
1-1: Foul Ball, location: 2F
1-2: Ball
2-2: Ball
3-2: Fly out, F7 (Flyball, 78S)
Pinch Hitting: RHB Jorge Molina 0-0: Called Strike
0-1: Called Strike
0-2: Ball
1-2: Ball
2-2: Reached on error, E6 (Groundball, 6)
Batting: SHB Albert Flores 0-0: Intentional Walk
Pitching: RHP Jesús Mendoza
Pinch Hitting: RHB Brandon Sharp 0-0: Ball
1-0: Called Strike
1-1: Ball
2-1: Foul Ball, location: 2F
2-2: Foul Ball, location: 2F
2-2: Strikes out swinging
Batting: RHB Pedro García 0-0: Ball
1-0: SINGLE (Line Drive, 9LS)
Jorge Molina to third
Albert Flores to second
Runner from 3rd tries for Home, SAFE, throw made home
Batting: LHB David Gómez 0-0: Foul Ball, location: 2F
0-1: Foul Ball, location: 2F
0-2: Ball
1-2: Strikes out looking
Bottom of the 7th over - 1 run, 1 hit, 1 error, 2 left on base; Grand Rapids 1 - Long Beach 2
TOP OF THE 8TH
Grand Rapids Dutch Ovens batting - Pitching for Long Beach KO : RHP Wei-liang Zhuan
Now at 3B: Jorge Molina
Now in LF: Pancho López
Batting: RHB Jason Philip 0-0: Ball
1-0: Ball
2-0: Ball
3-0: Called Strike
3-1: Called Strike
3-2: Strikes out looking
Batting: LHB Al Cramer 0-0: Ball
1-0: Called Strike
1-1: SINGLE (Groundball, 34D)
Pitching: RHP Lloyd Jones
Pinch Hitting: SHB Karl Webster 0-0: Ball
1-0: Called Strike
1-1: Ball
2-1: Swinging Strike
2-2: Ball
3-2: TRIPLE (Flyball, 78XD)
Al Cramer scores
Batting: LHB Pedro Robolledo 0-0: Intentional Walk
Batting: LHB Gregory Pérez 0-0: Called Strike
0-1: Ball
1-1: Ball
2-1: Called Strike
2-2: Strikes out swinging
Pinch Hitting: LHB James Gibbons 0-0: Ball
1-0: Called Strike
1-1: Ball
2-1: Ball
3-1: DOUBLE (Groundball, 3L)
Karl Webster scores
Pedro Robolledo to third
Runner from 3rd tries for Home, SAFE, no throw
Batting: LHB Chris Russell 0-0: Called Strike
0-1: Ball
1-1: Foul Ball, location: 2F
1-2: Foul Ball, location: 2F
1-2: Hit by Pitch
Batting: RHB William Todd 0-0: Ball
1-0: Swinging Strike
1-1: Fly out, F9 (Flyball, 89D)
Top of the 8th over - 3 runs, 3 hits, 0 errors, 2 left on base; Grand Rapids 4 - Long Beach 2
BOTTOM OF THE 8TH
Long Beach KO batting - Pitching for Grand Rapids Dutch Ovens : RHP Jesús Mendoza
Now at 2B: James Gibbons
Now in RF: Víctor López
Batting: RHB Harvey Mawhinney 0-0: Foul Ball, location: 2F
0-1: Foul Ball, location: 2F
0-2: Foul Ball, location: 2F
0-2: Ball
1-2: Ball
2-2: Ball
3-2: Base on Balls
Batting: RHB Ben Simpson 0-0: Ball
1-0: Called Strike
1-1: Ball
2-1: Ball
3-1: Fly out, F9 (Flyball, 9)
Batting: RHB Kenny Canady 0-0: Called Strike
0-1: Foul Ball, location: 2F
0-2: Ball
1-2: Ball
2-2: Ball
3-2: Foul Ball, location: 2F
3-2: Strikes out looking
Batting: LHB Adrian Neal 0-0: Foul Ball, location: 2F
0-1: Swinging Strike
0-2: Ball
1-2: Ball
2-2: SINGLE (Flyball, 78M)
Harvey Mawhinney to second
Batting: RHB Jorge Molina 0-0: SINGLE (Line Drive, 6D)
Harvey Mawhinney to third
Adrian Neal to second
Runner from 3rd tries for Home, SAFE, throw made home
Batting: SHB Albert Flores 0-0: Called Strike
0-1: Ground out 4-3 (Groundball, 4)
Bottom of the 8th over - 1 run, 2 hits, 0 errors, 2 left on base; Grand Rapids 4 - Long Beach 3
TOP OF THE 9TH
Grand Rapids Dutch Ovens batting - Pitching for Long Beach KO : RHP Lloyd Jones
Pitching: RHP Adam Parker
Batting: LHB Brad Fuller 0-0: SINGLE (Flyball, 7S)
Batting: RHB Jason Philip 0-0: SINGLE (Flyball, 8LS)
Brad Fuller to second
Runner from 2nd tries for 3rd, SAFE, no throw
Batting: LHB Al Cramer 0-0: Fly out, F4 (Popup, 4D)
Pinch Hitting: RHB Carlos Rosa 0-0: Called Strike
0-1: Called Strike
0-2: Strikes out swinging
Batting: LHB Pedro Robolledo 0-0: Ball
1-0: Ball
2-0: Ball
3-0: Base on Balls
Jason Philip to second
Batting: LHB Gregory Pérez 0-0: Fielders Choice at 2nd, 5-4 (Groundball, 56)
Top of the 9th over - 0 runs, 2 hits, 0 errors, 3 left on base; Grand Rapids 4 - Long Beach 3
BOTTOM OF THE 9TH
Long Beach KO batting - Pitching for Grand Rapids Dutch Ovens : RHP Jesús Mendoza
Now in LF: Nick Weber
Pinch Hitting: RHB Ricardo Tirado 0-0: Called Strike
0-1: Foul Ball, location: 2F
0-2: Ball
1-2: Ball
2-2: Fly out, F8 (Flyball, 89D)
Batting: RHB Pedro García 0-0: Swinging Strike
0-1: Ball
1-1: Called Strike
1-2: Strikes out swinging
Batting: LHB David Gómez 0-0: Ball
1-0: Ball
2-0: Ball
3-0: Called Strike
3-1: Foul Ball, location: 2F
3-2: Ground out 1-3 (Groundball, 13S)
Bottom of the 9th over - 0 runs, 0 hits, 0 errors, 0 left on base; Grand Rapids 4 - Long Beach 3
Saturday, December 16th, 2017 - OOTP Baseball 18.8 Build 76